 Dungeon Crawl Stone Soup version 0.27-a0-1090-gb115f176c6 (webtiles) character file.

Game seed: 5270776496110671511

6255 wakim the Protected (level 10, 0/88 HPs)
             Began as a Minotaur Fighter on Apr 27, 2021.
             Was a Follower of the Shining One.
             Killed from afar by a rakshasa (15 damage)
             ... with a lance of force
             ... on level 9 of the Dungeon.
             The game lasted 00:25:48 (9579 turns).

wakim the Protected (Minotaur Fighter)              Turns: 9579, Time: 00:25:49

Health: 0/88       AC: 28    Str: 23    XL:     10   Next: 62%
Magic:  10/10      EV:  7    Int:  5    God:    the Shining One [*.....]
Gold:   494        SH: 11    Dex: 11    Spells: 9/9 levels left

rFire    . . .     SeeInvis .   a - +3 flail (freeze)
rCold    . . .     Faith    .   c - +0 kite shield
rNeg     . . .     Spirit   .   p - +0 plate armour
rPois    .         Reflect  .   (helmet restricted)
rElec    .         Harm     .   m - +0 cloak
rCorr    .         Rampage  .   n - +0 pair of gloves
Will     +....                  o - +1 pair of boots
Stlth    ..........             (no amulet)
HPRegen  0.24/turn              d - ring of the Tortoise {AC+8}
MPRegen  0.12/turn              f - ring of willpower

@: mighty, glowing
A: horns 2, retaliatory headbutt
a: Renounce Religion


You were on level 9 of the Dungeon.
You worshipped the Shining One.
The Shining One was aware of your devotion.
You visited 2 branches of the dungeon, and saw 10 of its levels.
You also visited: Sewer.

You collected 494 gold pieces.

Inventory:

Hand Weapons
 a - a +3 flail of freezing (weapon)
 b - a +0 hunting sling
 t - a +1 morningstar
Missiles
 h - 103 sling bullets
 q - a curare-tipped dart {=f}
 v - 4 boomerangs (quivered)
Armour
 c - a +0 kite shield (worn)
 m - a +0 cloak (worn)
 n - a +0 pair of gloves (worn)
 o - a +1 pair of boots (worn)
 p - a +0 plate armour (worn)
Jewellery
 d - the ring of the Tortoise (left hand) {AC+8}
   (You acquired it on level 2 of the Dungeon)

   [ring of protection]

   It affects your AC (+8).
 f - a ring of willpower (right hand)
 i - a ring of willpower
 k - a ring of protection from fire
 l - an amulet of reflection
Wands
 u - a wand of mindburst (12)
 x - a wand of iceblast (6)
Scrolls
 j - 2 scrolls of enchant armour
 r - 6 scrolls of identify
 s - a scroll of enchant weapon
 S - 2 scrolls of summoning
 T - a scroll of teleportation
 Y - a scroll of blinking {!r}
Potions
 e - 2 potions of berserk rage {unknown}
 D - a potion of brilliance
 E - a potion of cancellation
 F - 8 potions of curing
 G - 2 potions of flight
 H - a potion of haste
 J - 5 potions of heal wounds
 K - 3 potions of magic
 M - a potion of mutation {!q}
 N - 2 potions of might


   Skills:
 + Level 8.2 Fighting
 * Level 10.4 Maces & Flails
 * Level 10.5 Armour
 - Level 6.0 Dodging
 + Level 8.1 Shields
 + Level 2.4 Invocations
 + Level 2.1 Evocations


You had 9 spell levels left.
You didn't know any spells.
Your spell library contained the following spells:

 Spells                   Type           Power      Damage    Failure   Level
 Corona                   Hex            0%         N/A       100%        1
 Ensorcelled Hibernation  Hex/Ice        0%         N/A       100%        2
 Dazzling Flash           Conj/Hex       0%         N/A       100%        3
 Swiftness                Air            0%         N/A       100%        3
 Tukima's Dance           Hex            0%         N/A       100%        3
 Bolt of Magma            Conj/Fire/Erth 0%         4d4       100%        5
 Iskenderun's Battlesphe  Conj           0%         2d6       100%        5
 Iron Shot                Conj/Erth      0%         9d1       100%        6
 Orb of Destruction       Conj           0%         N/A       100%        7
 Spellforged Servitor     Conj/Summ      0%         N/A       100%        7


Dungeon Overview and Level Annotations

Branches:
Dungeon (9/15)             Temple (1/1) D:6           Sewer (visited)
   Lair: D:8-11         Orc: D:9-12

Altars:
Ashenzari
Cheibriados
Dithmenos
Elyvilon
Fedhas
Gozag
Hepliaklqana
Makhleb
Nemelex Xobeh
Okawaru
Qazlal
Ru
Sif Muna
Trog
Uskayaw
Vehumet
Yredelemnul
Zin
The Shining One

Shops:
D:3 ?


Innate Abilities, Weirdness & Mutations

You have a pair of horns on your head.
You reflexively headbutt those who attack you in melee.


Message History

You sock the deep elf knight! You freeze the deep elf knight.
The deep elf knight is moderately wounded.
You block the deep elf knight's attack.
You feel very mighty all of a sudden.
The rakshasa weaves an illusion.
The deep elf knight hits you but does no damage.
Okay, then.
You sock the deep elf knight! You freeze the deep elf knight.
The deep elf knight is severely wounded.
The deep elf knight hits you with a +0 long sword.
You closely miss the deep elf knight.
The deep elf knight is severely wounded.
The rakshasa blinks!
The deep elf knight hits you with a +0 long sword.
You barely miss the deep elf knight.
The deep elf knight is severely wounded.
The rakshasa gestures at you.
The lance of force hits you but does no damage.
The deep elf knight hits you but does no damage.
You closely miss the deep elf knight.
The deep elf knight is severely wounded.
You block the deep elf knight's attack.
You hit the deep elf knight. You freeze the deep elf knight.
The deep elf knight is almost dead.
The rakshasa hits you with a +0 long sword!
The deep elf knight mumbles some strange words.
The deep elf knight seems to speed up.
You barely miss the deep elf knight.
The deep elf knight is almost dead.
The rakshasa hits you with a +0 long sword!
The deep elf knight points at you and mumbles some strange words.
The shard of ice hits you!!
* * * LOW HITPOINT WARNING * * *
You thump the deep elf knight! You freeze the deep elf knight.
The deep elf knight is almost dead.
The deep elf knight hits you with a +0 long sword!
* * * LOW HITPOINT WARNING * * *
The rakshasa gestures at you. The lance of force hits you!
You die...

....................
..................#
..................#
..................#
.................#
...........##...##
#####...###.# ..#
#...#.)####.# #.#####@R.# # #
+.#..Re##### .# #.##### .)#)#
.###+#.....############# .
#...............#|#.....#####.
######...[....###.######)...#.
#........#.#.#.#..[#####.
##......###.#.#.####.)#...
.........#.#.#.#...#.###...


You could see 2 rakshasas and a deep elf knight (fast, invisible).

Vanquished Creatures
  A deep elf knight (D:9)
  A skeletal warrior (D:9)
  A necromancer (D:9)
  Joseph (D:7)
  Maggie (D:7)
  A troll (D:9)
  A hornet (D:8)
  A swamp worm (D:8)
  2 water moccasins
  An orc warrior (D:8)
  4 sky beasts
  6 ogres
  An ice beast (D:7)
  5 centaurs
  2 kobold brigands
  3 bullfrogs
  3 scorpions
  A wyvern zombie (D:5)
  2 gnoll sergeants
  7 wights
  An electric eel (D:8)
  A howler monkey (D:5)
  2 jellies
  A centaur zombie (D:7)
  A hound (D:6)
  2 orc priests
  2 centaur skeletons
  Crazy Yiuf (D:7)
  3 iguanas
  4 orc wizards
  A scorpion zombie (D:5)
  A killer bee zombie (D:7)
  A howler monkey zombie (D:7)
  10 gnolls
  2 howler monkey skeletons
  10 adders
  A white imp (D:4)
  An adder zombie (D:5)
  The ghost of emiel the Sneak, a weakling DsDe (D:6)
  2 dart slugs (D:1)
  28 orcs
  8 endoplasms
  4 giant cockroaches
  9 hobgoblins
  17 jackals
  2 quokkas (D:1)
  5 ball pythons
  9 bats
  5 frilled lizards
  13 goblins
  16 kobolds
  7 rats
216 creatures vanquished.

Vanquished Creatures (others)
  A goblin (D:3)
  15 plants (D:8)
16 creatures vanquished.

Grand Total: 232 creatures vanquished

Notes
Turn   | Place    | Note
-------+----------+-------------------------------------------
     0 | D:1      | wakim the Minotaur Fighter began the quest for the Orb.
     0 | D:1      | Reached XP level 1. HP: 19/19 MP: 0/0
    48 | D:1      | Reached XP level 2. HP: 23/27 MP: 1/1
  1285 | D:2      | Reached XP level 3. HP: 31/33 MP: 2/2
  1287 | D:2      | Identified a scroll of acquirement
  1287 | D:2      | Acquired the ring of the Tortoise {AC+8}
  1288 | D:2      | Found the ring of the Tortoise {AC+8}
  1979 | D:2      | Reached XP level 4. HP: 32/40 MP: 3/3
  2525 | D:3      | Found Joepuh's Magic Scroll Shoppe.
  2739 | D:3      | Found a shimmering blue altar of Sif Muna.
  2742 | D:3      | Found a burning altar of Makhleb.
  2937 | D:3      | Reached XP level 5. HP: 47/47 MP: 4/4
  3337 | D:4      | Noticed an ogre
  3371 | D:4      | Killed an ogre
  3372 | D:4      | Reached skill level 5 in Armour
  3372 | D:4      | Reached skill level 1 in Dodging
  3406 | D:4      | Reached skill level 5 in Maces & Flails
  3406 | D:4      | Reached XP level 6. HP: 27/53 MP: 5/5
  4011 | D:5      | Entered Level 5 of the Dungeon
  4208 | D:5      | Reached skill level 5 in Shields
  4218 | D:5      | Reached skill level 5 in Fighting
  4242 | D:5      | Noticed a water moccasin
  4255 | D:5      | Killed a water moccasin
  4256 | D:5      | Reached XP level 7. HP: 47/61 MP: 4/6
  4874 | D:5      | Reached XP level 8. HP: 57/70 MP: 7/7
  5201 | D:6      | Found a sacrificial altar of Ru.
  5249 | D:6      | Found a glowing drain.
  5258 | Sewer    | Entered a sewer
  5739 | D:6      | Found a staircase to the Ecumenical Temple.
  5748 | Temple   | Entered the Ecumenical Temple
  5922 | Temple   | Became a worshipper of the Shining One
  6161 | D:6      | Found a transporter.
  6162 | D:6      | Noticed emiel's ghost (weakling DsDe)
  6163 | D:6      | Found a transporter.
  6195 | D:6      | Killed emiel's ghost
  6429 | D:7      | Reached XP level 9. HP: 77/78 MP: 8/8
  6759 | D:7      | Noticed Joseph
  6776 | D:7      | Killed Joseph
  6777 | D:7      | Reached skill level 5 in Dodging
  7215 | D:7      | Found a runed translucent door.
  7216 | D:7      | Noticed Crazy Yiuf
  7222 | D:7      | Killed Crazy Yiuf
  7529 | D:7      | Identified the +3 spear of Foul Odors {drain, rElec}
  7666 | D:7      | Noticed Maggie
  7681 | D:7      | Killed Maggie
  7783 | D:8      | Reached * piety under the Shining One
  8131 | D:8      | Paralysed by a hornet for 3 turns
  8141 | D:8      | Paralysed by a hornet for 1 turns
  8155 | D:8      | Reached XP level 10. HP: 53/86 MP: 9/9
  8596 | D:8      | Reached skill level 1 in Invocations
  9181 | D:9      | Reached skill level 10 in Armour
  9181 | D:9      | Reached skill level 1 in Evocations
  9181 | D:9      | Noticed a necromancer
  9188 | D:9      | Killed a necromancer
  9189 | D:9      | Reached skill level 10 in Maces & Flails
  9196 | D:9      | Identified Datetole's Incunabulum of Hexes and Flight
  9230 | D:9      | Noticed a skeletal warrior
  9247 | D:9      | Killed a skeletal warrior
  9249 | D:9      | Noticed a deep elf knight
  9257 | D:9      | Killed a deep elf knight
  9554 | D:9      | Noticed a rakshasa
  9567 | D:9      | Noticed a deep elf knight
  9579 | D:9      | Killed from afar by a rakshasa

Illustrated notes

Levels and vault maps discovered:
D:1:      mrwooster_arrival_statue_2, layout_loops_corners, minmay_fountain_box
D:2:      minmay_inner_zag, layout_basic
D:3:      cheibrodos_greedy_goblins, layout_rooms,
          nicolae_overflow_hidden_temple, serial_shops,
          nicolae_shop_temple_entry_statues_fountains, minmay_strange_pillars,
          kennysheep_generic_room_16
D:4:      layout_basic, kennysheep_cross_room
D:5:      layout_basic, solitary_fountain
D:6:      layout_basic, lemuel_doored_altar, minmay_temple_entry_nine_rooms,
          portal_sewer_entry_d, gammafunk_ghost_smash
D:7:      layout_loops_ring, uniq_maggie, uniq_joseph, uniq_crazy_yiuf_cottage
D:8:      layout_loops_ring, serial_bayou_lagoon_a, worms_lemuel
D:9:      minmay_chopped_fan, layout_irregular_city, nzn_wu_jian_contemplation,
          minmay_misc_feat_ornament
Temple:   nicolae_temple_elliptical

Skill      XL: |  1  2  3  4  5  6  7  8  9 10 |
---------------+-------------------------------+-----
Maces & Flails | 3 4 5 6 8 9 10 | 10.4
Shields        | 4 5 6 7 8 |  8.1
Fighting       | 4 5 6 7 8 |  8.2
Armour         | 4 5 6 8 9 10 | 10.5
Dodging        | 1 2 3 4 5 6 |  6.0
Invocations    | 2 |  2.4
Evocations     | 2 |  2.1

Action                   |  1- 3 |  4- 6 |  7- 9 | 10-12 || total
-------------------------+-------+-------+-------+-------++-------
Melee: Flail             |   107 |    25 |    13 |   118 ||   263
       Headbutt          |    16 |    23 |    52 |    15 ||   106
       Whip              |       |   109 |    41 |       ||   150
       Morningstar       |       |       |   223 |       ||   223
 Fire: Hunting sling     |       |     3 |    14 |       ||    17
Evoke: Wand              |       |       |     2 |       ||     2
  Use: Scroll            |     4 |     6 |     9 |     1 ||    20
       Potion            |       |       |     1 |     1 ||     2
Armor: Scale mail        |    55 |    35 |       |       ||    90
       Chain mail        |       |    46 |   137 |       ||   183
       Plate armour      |       |       |    18 |    48 ||    66
Dodge: Dodged            |    49 |    31 |    84 |    20 ||   184
Block: Kite shield       |    57 |    83 |   166 |    47 ||   353

Table legend: (Time is in decaauts)
 A = Elapsed time spent in this place.
 B = Non-inter-level travel time spent in this place.
 C = Inter-level travel time spent in this place.
 D = Time resting spent in this place.
 E = Time spent auto-exploring this place.
 F = Levels seen in this place.
 G = Mean time per level.
                   A        B        C        D        E       F      G
               +--------+--------+--------+--------+--------+-----+--------+
         Total |   9809 |   9364 |    445 |    380 |   7101 |  11 |  891.7 |
       Dungeon |   9231 |   8828 |    403 |    380 |   6720 |   9 | 1025.7 |
        Temple |    192 |    150 |     42 |      0 |    146 |   1 |  192.0 |
         Sewer |    385 |    385 |      0 |      0 |    235 |   1 |  385.0 |
               +--------+--------+--------+--------+--------+-----+--------+

Top non-repeatable levels by time:
     D:8: 1422 daAuts
     D:7: 1418 daAuts
     D:1: 1306 daAuts
     D:2: 1109 daAuts
     D:5: 1068 daAuts
     D:4: 998 daAuts
     D:6: 808 daAuts
     D:3: 660 daAuts
     D:9: 438 daAuts
   Sewer: 385 daAuts
  Temple: 192 daAuts
